 Dungeon Crawl Stone Soup version 0.22-a0-166-g5351223 (webtiles) character file.

6624 Amnesiac the Geomancer (level 10, -2/63 HPs)
             Began as a Mummy Earth Elementalist on Feb 13, 2018.
             Was an Initiate of Ashenzari.
             Slain by an orc warrior
             ... wielding a +0 long sword
              (13 damage)
             ... on level 10 of the Dungeon.
             The game lasted 00:21:16 (12816 turns).

Amnesiac the Geomancer (Mummy Earth Elementalist)  Turns: 12816, Time: 00:21:16

Health: -2/63      AC:  2    Str: 11    XL:     10   Next: 72%
Magic:  12/25      EV: 12    Int: 17    God:    Ashenzari [......]
Gold:   532        SH:  0    Dex: 15    Spells: 16/31 levels left

rFire    . . .     SeeInvis .   M - +5 short sword "Ceguof" {venom, rElec rF+ Int-2 Dex+3}
rCold    + . .     Gourm    +   (no shield)
rNeg     + + +     Faith    .   N - +0 robe (curse)
rPois    ∞         Spirit   .   (no helmet)
rElec    +         Reflect  .   (no cloak)
rCorr    .         Harm     .   J - -2 pair of gloves (curse)
MR       +....     Rnd*Tele +   e - +0 pair of boots (curse)
Stlth    ++........             L - amulet of the gourmand (curse)
HPRegen  0.20/turn              K - ring of teleportation (curse)
MPRegen  0.19/turn              (no ring)

@: studying Polearms
A: no food or potions, fire vulnerability, cold resistance 1, negative energy
resistance 3, torment resistance, unbreathing
a: Curse Item, Renounce Religion


You were on level 10 of the Dungeon.
You worshipped Ashenzari.
Ashenzari was noncommittal.
You were not hungry.

You visited 2 branches of the dungeon, and saw 11 of its levels.
You also visited: Ossuary.

You collected 532 gold pieces.

Inventory:

Hand Weapons
 a - a +0 dagger of speed
 o - a +0 hunting sling
 M - the +5 short sword "Ceguof" (weapon) {venom, rElec rF+ Int-2 Dex+3}
   (You found it on level 10 of the Dungeon)

   It poisons the flesh of those it strikes.
   It affects your intelligence (-2).
   It affects your dexterity (+3).
   It protects you from fire.
   It insulates you from electricity.
Missiles
 b - 96 stones (quivered)
 j - 5 needles of confusion
 q - 12 poisoned needles
 y - 26 sling bullets
Armour
 e - a cursed +0 pair of boots (worn)
 v - a +2 pair of gloves
 D - a +1 robe of magic resistance
 J - a cursed -2 pair of gloves (worn)
 N - a cursed +0 robe (worn)
Jewellery
 t - an uncursed ring of ice
 K - a cursed ring of teleportation (left hand)
 L - a cursed amulet of the gourmand (around neck)
Wands
 r - a wand of scattershot (10)
 z - a wand of flame (60)
 B - a wand of polymorph (13)
 F - a wand of iceblast (7)
Scrolls
 f - 6 scrolls of teleportation {!r, unknown}
 g - 2 scrolls of blinking {!r, unknown}
 h - 5 scrolls of remove curse {!r}
 i - 2 scrolls of enchant armour {!r, unknown}
 k - 10 scrolls of identify {!r, unknown}
 p - 2 scrolls of enchant weapon {!r, unknown}
 s - 4 scrolls of fog {!r, unknown}
 u - 5 scrolls of magic mapping {!r, unknown}
 w - 4 scrolls of amnesia {!r, unknown}
 x - 2 scrolls of fear {!r, unknown}
 G - a scroll of torment {!r, unknown}
Books
 d - a book of Geomancy

   Spells                             Type                      Level
   a - Sandblast                      Earth                        1
   b - Passwall                       Transmutation/Earth          2
   c - Stone Arrow                    Conjuration/Earth            3
   d - Petrify                        Transmutation/Earth          4
   e - Lee's Rapid Deconstruction     Earth                        5
 H - a book of Minor Magic

   Spells                             Type                      Level
   a - Magic Dart                     Conjuration                  1
   b - Blink                          Translocation                2
   c - Call Imp                       Summoning                    2
   d - Slow                           Hexes                        2
   e - Conjure Flame                  Conjuration/Fire             3
   f - Mephitic Cloud                 Conjuration/Poison/Air       3
 I - a manual of Polearms


   Skills:
 - Level 1.5 Dodging
 - Level 1.5 Stealth
 + Level 11.4 Spellcasting
 - Level 0.7 Transmutations
 * Level 11.4 Earth Magic


You had 16 spell levels left.
You knew the following spells:

 Your Spells              Type           Power        Failure   Level  Hunger
a - Sandblast             Erth           #####.       1%          1    N/A
b - Passwall              Tmut/Erth      ####......   1%          2    N/A
c - Stone Arrow           Conj/Erth      ####..       1%          3    N/A
d - Lee's Rapid Deconstr  Erth           #####.....   1%          5    N/A
e - Petrify               Tmut/Erth      ####....     6%          4    N/A

Dungeon Overview and Level Annotations

Branches:
Dungeon (10/15)            Temple (1/1) D:4            Lair (0/6) D:8
    Orc: D:9-12

Altars:
Ashenzari
Cheibriados
Dithmenos
Elyvilon
Fedhas
Gozag
Hepliaklqana
Kikubaaqudgha
Makhleb
Nemelex Xobeh
Okawaru
Qazlal
Ru
Sif Muna
Trog
Uskayaw
Vehumet
Wu Jian
Xom
Yredelemnul
Zin
The Shining One

Shops:
D:8 ==(:   D:9 (


Innate Abilities, Weirdness & Mutations

You do not eat or drink.
Your flesh is vulnerable to fire.
You are immune to poison.
Your flesh is cold resistant. (rC+)
You are immune to negative energy. (rN+++)
You are immune to unholy pain and torment.
You can survive without breathing.


Message History

No target in view!
Things that are here:
a cursed shortbow; 19 arrows
There is an open door here.
You open the door.
There is an open door here.
There is an open door here.
Found a stone staircase leading down.
An orc, an orc priest and an orc wizard come into view.
The orc priest shouts!
You hear a shout!
The orc wizard shouts!
An orc and an orc warrior come into view.
Ashenzari warns you: The orc warrior is wielding a long sword and wearing a plate armour of cold resistance.
Casting: Passwall (safe; 1% risk of failure)
Confirm with . or Enter, or press ? or * to list all spells.
Okay, then.
The orc shouts! x2
The orc priest casts a cantrip, but nothing happens.
You closely miss the orc wizard.
The orc priest invokes the aid of Beogh against you.
Beogh smites you! The orc hits you with a mace.
The orc wizard hits you with a dagger.
You closely miss the orc wizard. The orc hits you with a mace.
Casting: Passwall (safe; 1% risk of failure)
Confirm with . or Enter, or press ? or * to list all spells.
Aiming: Lee's Rapid Deconstruction (safe; 1% risk of failure)
Press: ? - help, Dir - move target cursor The wall shatters!
The blast of rock fragments hits the orc.
You kill the orc!
The blast of rock fragments hits the orc priest.
You kill the orc priest!
The blast of rock fragments hits the orc warrior.
The blast of rock fragments hits the orc wizard.
The orc wizard is almost dead.
You feel a bit more experienced.
Unknown command.
Casting: Lee's Rapid Deconstruction (safe; 1% risk of failure)
Confirm with . or Enter, or press ? or * to list all spells.
Aiming: Lee's Rapid Deconstruction (safe; 1% risk of failure)
Press: ? - help, Dir - move target cursor The wall shatters!
The blast of rock fragments hits the orc warrior.
The blast of rock fragments hits the orc wizard.
You kill the orc wizard!
The orc warrior misses you.
Unknown command.
Casting: Lee's Rapid Deconstruction (safe; 1% risk of failure)
Confirm with . or Enter, or press ? or * to list all spells.
Aiming: Petrify (safe; 6% risk of failure)
Press: ? - help, Shift-Dir - straight line The orc warrior is moving more slowly.
The orc warrior hits you with a long sword!
* * * LOW HITPOINT WARNING * * *
Unknown command.
The orc warrior hits you with a long sword.
* * * LOW HITPOINT WARNING * * *
You hit the orc warrior.
The orc warrior is poisoned.
The orc warrior is lightly wounded.
The orc warrior hits you with a long sword!
* * * LOW HITPOINT WARNING * * *
You hit the orc warrior but do no damage.
The orc warrior is lightly wounded.
The orc warrior hits you with a long sword!
You die...

#...#.....# #......#
#...#.....####......#
#...##'##.....#'##...
#.......#.....#).#...
#.......#.....+..#...
##########.....####...
#.....................
#.....................
#.>..@................
#...o.................
#..)).................
#####)...####'#.......
')...#....##+#####
#....#............
#....##...##......
...#####...##......
o...#..'.....#......


You could see an orc warrior (petrifying).

Vanquished Creatures
  Pikel (D:6)
  Grinder (D:6)
  A hornet (D:9)
  2 hippogriffs
  A wraith (D:7)
  A vampire (D:7)
  A steam dragon (D:7)
  Eustachio (D:4)
  Menkaure (D:7)
  Edmund (D:5)
  A soldier ant (D:9)
  Duvessa (D:6)
  An orc warrior (D:6)
  3 sky beasts
  3 black bears
  4 ogres
  A phantom (D:4)
  4 centaurs
  3 bullfrogs
  A wyvern zombie (D:7)
  Dowan (D:6)
  3 water moccasin zombies (Ossuary)
  A scorpion (D:7)
  11 wights
  2 howler monkeys (D:10)
  2 crimson imps
  A bullfrog zombie (D:5)
  3 jellies
  8 hounds
  8 orc priests
  4 bullfrog skeletons
  2 centaur skeletons
  3 iguanas
  6 worker ants
  9 orc wizards
  A big kobold zombie (Ossuary)
  2 mummies (Ossuary)
  A hound zombie (D:10)
  3 hound skeletons (D:9)
  3 gnolls (D:2)
  A worker ant zombie (D:9)
  3 howler monkey skeletons
  13 adders
  3 shadow imps
  An ooze (D:2)
  4 adder zombies
  4 worms
  4 dart slugs
  7 leopard geckos
  32 orcs
  4 giant cockroaches
  6 goblins
  6 hobgoblins
  12 jackals
  6 kobolds
  4 quokkas
  9 bats
  4 frilled lizards
  2 gnoll zombies (Ossuary)
  8 hobgoblin zombies (Ossuary)
  5 kobold zombies (Ossuary)
  2 leopard gecko skeletons
  4 orc zombies (Ossuary)
  A quokka skeleton (D:6)
  7 rats
259 creatures vanquished.

Vanquished Creatures (others)
  A slave (D:6)
  A kobold (D:1)
2 creatures vanquished.

Grand Total: 261 creatures vanquished

Notes
Turn   | Place    | Note
-------+----------+-------------------------------------------
     0 | D:1      | Amnesiac the Mummy Earth Elementalist began the quest for the Orb.
     0 | D:1      | Reached XP level 1. HP: 13/13 MP: 4/4
   612 | D:1      | Reached XP level 2. HP: 18/19 MP: 1/5
  1183 | D:2      | Reached XP level 3. HP: 17/24 MP: 7/7
  1220 | D:2      | Learned a level 2 spell: Passwall
  1395 | D:2      | Reached XP level 4. HP: 3/30 MP: 5/9
  2687 | D:3      | Reached XP level 5. HP: 33/35 MP: 11/11
  3678 | D:4      | Noticed a phantom
  3707 | D:4      | Killed a phantom
  3707 | D:4      | Reached skill level 5 in Earth Magic
  3707 | D:4      | Reached XP level 6. HP: 33/41 MP: 7/13
  3713 | D:4      | Learned a level 4 spell: Petrify
  3722 | D:4      | Learned a level 5 spell: Lee's Rapid Deconstruction
  3764 | D:4      | Noticed Eustachio
  3774 | D:4      | Killed Eustachio
  3774 | D:4      | Reached skill level 5 in Spellcasting
  3778 | D:4      | Reached XP level 7. HP: 30/46 MP: 4/15
  3783 | D:4      | Learned a level 3 spell: Stone Arrow
  4582 | D:4      | Found a staircase to the Ecumenical Temple.
  4623 | Temple   | Entered the Ecumenical Temple
  4771 | D:5      | Entered Level 5 of the Dungeon
  4876 | D:5      | Found an iron altar of Okawaru.
  5217 | D:5      | Found a hazy altar of Hepliaklqana.
  5218 | D:5      | Found a shimmering altar of Xom.
  5219 | D:5      | Noticed a spectral ugly thing
  5297 | D:5      | Found a shadowy altar of Dithmenos.
  5660 | D:5      | Found a white marble altar of Elyvilon.
  5872 | D:6      | Noticed Grinder
  5892 | D:6      | Paralysed by Grinder for 3 turns
  5896 | D:6      | Killed Grinder
  5896 | D:6      | Reached XP level 8. HP: 49/52 MP: 14/18
  6002 | D:6      | Found a glowing golden altar of the Shining One.
  6089 | D:6      | Noticed Pikel
  6096 | D:6      | Killed Pikel
  6188 | D:6      | Noticed Edmund
  6849 | D:6      | Noticed Duvessa
  6853 | D:6      | Noticed Dowan
  6874 | D:7      | Identified a paperback manual
  7125 | D:7      | Found a transporter.
  7214 | D:7      | Reached XP level 9. HP: 49/57 MP: 21/21
  7326 | D:7      | Found an ancient bone altar of Kikubaaqudgha.
  7328 | D:7      | Noticed Menkaure
  7334 | D:7      | Found a basalt altar of Yredelemnul.
  7337 | D:7      | Found a transporter.
  8324 | D:6      | Killed Duvessa
  8332 | D:6      | Killed Dowan
  8417 | D:5      | Killed Edmund
  8904 | D:7      | You fall through a shaft for 2 floors!
  8961 | D:9      | Found Qourch's Weapon Boutique.
  9042 | D:9      | Reached skill level 10 in Earth Magic
  9052 | D:8      | Reached skill level 10 in Spellcasting
  9082 | D:8      | Found a sand-covered staircase.
  9091 | Ossuary  | Entered an ossuary
  9908 | D:7      | Reached XP level 10. HP: 63/63 MP: 13/24
  9926 | D:7      | Killed Menkaure
 10036 | D:8      | Found Zaolyk's Jewellery Shoppe.
 10053 | D:8      | Found Eden's Weapon Shoppe.
 10058 | D:8      | Found Xedd's Jewellery Shoppe.
 10066 | D:8      | Found an opulent altar of Gozag.
 10124 | D:8      | Found a staircase to the Lair.
 10247 | D:8      | Found Soublal's Book Emporium.
 10295 | D:8      | Found a deep blue altar of Sif Muna.
 10297 | D:8      | Found a snail-covered altar of Cheibriados.
 10376 | D:8      | Found a shattered altar of Ashenzari.
 10471 | D:8      | You fall through a shaft for 2 floors!
 10471 | D:10     | Entered Level 10 of the Dungeon
 10505 | D:10     | Got a faintly glowing short sword
 10793 | D:8      | Became a worshipper of Ashenzari the Shackled
 11184 | D:7      | Identified the +5 short sword "Ceguof" {venom, rElec rF+ Int-2 Dex+3} (You found it on level 10 of the Dungeon)
 12466 | D:10     | Noticed a two-headed ogre
 12816 | D:10     | Slain by an orc warrior

Vault maps used:
D:1:      nagdon_arrival_zigzag_paths, minmay_tripent
D:2:      minmay_diamond_boxcup
D:3:      hangedman_abyss_or_decor_lesser_grid
D:4:      minmay_temple_entry_poolview, uniq_eustachio
D:5:      regret_index_temple_of_mockery, okawaru_trees_2,
          nicolae_dithmenos_through_a_glass_darkly,
          nicolae_overflow_crystal_walls, first_ration
D:6:      tso_metal_star, uniq_edmund, uniq_grinder, uniq_duvessa, uniq_pikel
D:7:      gammafunk_temple_of_torment, kennysheep_generic_room_6
D:8:      marbit_many_paths, chequers_temple_overflow_statue_of_worship,
          nicolae_gozag_seed_capital, lair_entry_dummy,
          nicolae_ossuary_entry_false_entrances, serial_shops, shop,
          nicolae_shop_crystal, nicolae_shop_temple_entry_statues_fountains,
          shop, patterned_corridor
D:9:      serial_shops, nicolae_shop_behind_doors, hangedman_pestilent_swarm
D:10:     corexii_checkpoint_a, uniq_erolcha
Temple:   jpeg_temple_alley_garden
Ossuary:  ossuary_tomb_2

Skill      XL: |  1  2  3  4  5  6  7  8  9 10 |
---------------+-------------------------------+-----
Spellcasting   | 3 4 5 6 8 10 11 | 11.4
Earth Magic    | 3 4 5 6 8 10 11 | 11.4
Dodging        | |  1.5
Stealth        | |  1.5
Transmutations | |  0.7

Action                   |  1- 3 |  4- 6 |  7- 9 | 10-12 || total
-------------------------+-------+-------+-------+-------++-------
Melee: Unarmed           |    17 |       |       |       ||    17
       Dagger            |     3 |       |       |       ||     3
       Dire flail        |       |       |   128 |    23 ||   151
       Short sword       |       |       |       |    43 ||    43
 Fire: Hunting sling     |    63 |   190 |   276 |       ||   529
 Cast: Sandblast         |    19 |    31 |   104 |    54 ||   208
       Lee's Rapid Decon |       |       |    13 |     8 ||    21
       Passwall          |       |       |     1 |     2 ||     3
       Petrify           |       |       |       |     5 ||     5
Invok: Curse Item        |       |       |       |     2 ||     2
 Stab: Sleeping          |       |       |     3 |     3 ||     6
Armor: Robe              |     9 |    23 |    60 |    18 ||   110
Dodge: Dodged            |    32 |    96 |   216 |    58 ||   402

Table legend:
 A = Spawn XP
 B = Non-spawn XP
 C = Spawn XP percentage of total XP
 D = Spawn monster count
 E = Non-spawn monster count
 F = Spawn count percentage of total count
 G = Total turns spent on level
                    A         B        C        D         E        F      G
               +---------+---------+-------+---------+---------+-------+---------
         Total |       0 |    9464 |   0.0 |       0 |     260 |   0.0 | 12816
               +---------+---------+-------+---------+---------+-------+---------
           D:1 |       0 |      17 |   0.0 |       0 |      11 |   0.0 |  1112
           D:2 |       0 |     144 |   0.0 |       0 |      31 |   0.0 |  1380
           D:3 |       0 |     144 |   0.0 |       0 |      29 |   0.0 |  1170
           D:4 |       0 |     501 |   0.0 |       0 |      17 |   0.0 |  1083
           D:5 |       0 |     600 |   0.0 |       0 |      20 |   0.0 |  1522
           D:6 |       0 |    1679 |   0.0 |       0 |      28 |   0.0 |  1178
           D:7 |       0 |    2397 |   0.0 |       0 |      34 |   0.0 |  1913
           D:8 |       0 |     892 |   0.0 |       0 |      17 |   0.0 |   969
           D:9 |       0 |    1650 |   0.0 |       0 |      25 |   0.0 |  1786
          D:10 |       0 |    1112 |   0.0 |       0 |      20 |   0.0 |   303
       Ossuary |       0 |     328 |   0.0 |       0 |      28 |   0.0 |   319
               +---------+---------+-------+---------+---------+-------+---------
